 Seeded DCSS version 0.30.1-4-g462c640d31 (webtiles) character file.

Game seed: 6351066067085065685 (custom seed)

25 Esekla the Grave Robber (level 2, 0/15 HPs)
             Began as a Deep Elf Necromancer on Sept 4, 2023.
             Was an Initiate of Vehumet.
             Slain by a goblin
             ... wielding a +3 dagger of speed
              (5 damage)
             ... on level 2 of the Dungeon.
             The game lasted 00:08:43 (1311 turns).

Esekla the Grave Robber (Deep Elf Necromancer)      Turns: 1311, Time: 00:08:44

Health: 0/15       AC:  4    Str:  5    XL:     2   Next: 82%
Magic:  8/8        EV: 13    Int: 19    God:    Vehumet [......]
Gold:   112        SH:  0    Dex: 15    Spells: 6/7 levels left

rFire   . . .        k - +1 short sword (freeze)
rCold   . . .        (no shield)
rNeg    . . .        a - +0 robe
rPois   .            i - +0 helmet
rElec   .            (no cloak)
rCorr   .            c - +0 pair of gloves
SInv    .            (no boots)
Will    .....        (no amulet)
Stlth   ++           (no ring)
HPRegen 0.22/turn    (no ring)
MPRegen 0.11/turn

%: no passive effects
@: no status effects
A: no striking features
a: Renounce Religion


You were on level 2 of the Dungeon.
You worshipped Vehumet.
Vehumet was noncommittal.
You visited 1 branch of the dungeon, and saw 4 of its levels.

You collected 112 gold pieces.

Inventory:

Hand Weapons
 k - a +1 short sword of freezing (weapon)
 p - the +5 rapier of the Hero {heavy, rN+ Dex+3}
   (You found it on level 3 of the Dungeon)

   Dex:       It affects your dexterity (+3).
   rN:        It protects you from negative energy.
Armour
 a - a +0 robe (worn)
 c - a +0 pair of gloves (worn)
 i - a +0 helmet (worn)
Wands
 q - a wand of roots (9)
Scrolls
 f - a scroll of identify {unknown}
 l - a scroll of amnesia {unknown}
 m - 2 scrolls of enchant weapon {unknown}
 n - a scroll of enchant armour {unknown}
 o - a scroll of immolation {unknown}
 r - a scroll of blinking {unknown}
Potions
 b - a potion of magic
 d - a potion of ambrosia {unknown}
 e - 2 potions of attraction {unknown}
 g - a potion of heal wounds {unknown}
 h - 2 potions of curing {unknown}
 j - a potion of mutation {unknown}
 s - a potion of haste {unknown}


   Skills:
 + Level 0.1 Short Blades
 * Level 3.1 Dodging
 + Level 2.6 Stealth
 * Level 3.4 Spellcasting
 + Level 5.2 Necromancy


You had 6 spell levels left.
You knew the following spells:

 Your Spells              Type           Power      Damage    Failure   Level
a - Necrotise             Necr           92%        1d8       1%          1

Your spell library contained the following spells:

 Spells                   Type           Power      Damage    Failure   Level
 Vampiric Draining        Necr           23%        2d7       5%          3
 Animate Dead             Necr           23%        N/A       17%         4
 Agony                    Necr           23%        N/A       43%         5


Dungeon Overview and Level Annotations

Branches:
Dungeon (4/15)
 Temple: D:4-7

Altars:
Okawaru
Vehumet
Zin

Shops:
D:2 =   D:4 (


Message History

The adder misses you.
You closely miss the adder.
The adder is almost dead.
The adder barely misses you.
You barely miss the adder.
The adder is almost dead.
You miss the adder.
The adder is almost dead.
The adder is no longer moving slowly.
The adder closely misses you.
You hit the adder.
The adder seems to slow down.
You freeze the adder.
You kill the adder!
Vehumet accepts your kill.
You see here an adder corpse.
r - a scroll labelled LIXOR VONLAKI You see here an adder corpse.
Found 10 gold pieces.
Found a mace.
You now have 104 gold pieces (gained 10).
You see here a +0 mace.
s - a yellow potion You now have 112 gold pieces (gained 8).
Found a bubbling blue potion.
A goblin comes into view. It is wielding a +3 dagger of speed.
You see here a bubbling blue potion.
h - 2 bubbling blue potions (gained 1)
The goblin shouts!
You closely miss the goblin.
The goblin hits you with a +3 dagger of speed. x2
You hit the goblin but do no damage. The goblin barely misses you.
You miss the goblin.
The goblin hits you with a +3 dagger of speed.
The goblin misses you.
You hit the goblin. You freeze the goblin.
The goblin is severely wounded.
The goblin hits you with a +3 dagger of speed.
You closely miss the goblin.
The goblin is severely wounded.
The goblin misses you.
The goblin hits you with a +3 dagger of speed.
You die...

...............######...#######.#
##.............#.....#..# #)#
##.####..#######.####...#######.#
.........# #.# ##..........#
##.####..# #.# #.########## #.#
...# #.# #.# #.#
<....######.#####.# ##
..####^#..............# #. ###
#.#..#####@####### #. #.#..# #g#
#. #.#..# #.# ## #.# # ... # #..
# ... # ##.# # #


You could see a goblin.

Vanquished Creatures
  An adder (D:2)
  An orc (D:3)
  2 ball pythons
  An endoplasm (D:3)
  2 goblins (D:3)
  2 hobgoblins (D:3)
  2 bats (D:3)
  2 frilled lizards
  3 kobolds
16 creatures vanquished.

Notes
Turn   | Place    | Note
-------+----------+-------------------------------------------
     0 | D:1      | Esekla the Deep Elf Necromancer began the quest for the
                  | Orb.
     0 | D:1      | Reached XP level 1. HP: 10/10 MP: 6/6
   349 | D:4      | Found a radiant altar of Vehumet.
   361 | D:4      | Found an iron altar of Okawaru.
   372 | D:4      | Found a glowing silver altar of Zin.
   457 | D:4      | Became a worshipper of Vehumet
   584 | D:3      | Reached skill level 5 in Necromancy
   632 | D:3      | Reached XP level 2. HP: 15/15 MP: 8/8
   719 | D:4      | Found Ponaysk's Antique Weapon Boutique.
  1132 | D:3      | Identified the +5 rapier of the Hero {heavy, rN+ Dex+3}
  1151 | D:2      | Found Renulab's Jewellery Shop.
  1311 | D:2      | Slain by a goblin

Illustrated notes

Levels and vault maps discovered:
D:1:      sevenhm_arrival_forest_fort_small_3, layout_rooms,
          chequers_serial_rivers_room_b, minmay_misc_feat_five
D:2:      layout_loops_ring, dreamdust_ecumenical_altar_angels_and_demons,
          serial_shops, shop
D:3:      layout_basic, grunt_temple_overflow_open, minmay_misc_feat_iff
D:4:      layout_basic, nicolae_overflow_quartered_altars, serial_shops,
          nicolae_diamond_shop

Skill      XL: |  1  2 |
---------------+-------+-----
Necromancy     | 5 |  5.2
Dodging        | 3 |  3.1
Short Blades   | |  0.1
Stealth        | |  2.6
Spellcasting   | |  3.4

Action                     || total
---------------------------++-------
  Melee: Short sword       ||    37
         Unarmed           ||     9
    Use: Scroll            ||     1
   Stab: Sleeping          ||     5
 Armour: Robe              ||    12
  Dodge: Dodged            ||    49
